 Dungeon Crawl Stone Soup version 0.25-a0-510-ge065f6de7d (webtiles) character file.

Game seed: 199332303419014659, levelgen mode: deterministic

7182 techii the Fighter (level 10, 0/97 HPs)
             Began as a Minotaur Berserker on Feb 14, 2020.
             Was an Elder of Trog.
             Slain by a vampire (2 damage)
             ... on level 9 of the Dungeon on Feb 15, 2020.
             The game lasted 01:20:34 (11853 turns).

techii the Fighter (Minotaur Berserker)            Turns: 11853, Time: 01:20:35

Health: 0/97       AC: 11    Str: 26    XL:     10   Next: 86%
Magic:  0/9        EV: 13    Int:  4    God:    Trog [****..]
Gold:   506        SH:  0    Dex:  9    Spells: 9/9 levels left

rFire    . . .     SeeInvis .   f - +0 hand axe (elec)
rCold    . . .     Gourm    .   (no shield)
rNeg     . . .     Faith    .   J - +0 scale mail
rPois    .         Spirit   +   (helmet restricted)
rElec    .         Reflect  .   F - scarf {Spirit}
rCorr    .         Harm     .   O - +1 pair of gloves
MR       +....                  (no boots)
Stlth    ..........             i - amulet of guardian spirit
HPRegen  0.26/turn              l - ring of protection from magic
MPRegen  0.11/turn              j - +1 ring of protection

@: berserk cooldown, slowed, very slow
A: retaliatory headbutt, horns 2
a: Berserk, Trog's Hand, Brothers in Arms, Renounce Religion


You were on level 9 of the Dungeon.
You worshipped Trog.
Trog was greatly pleased with you.
You were near starving.

You visited 2 branches of the dungeon, and saw 11 of its levels.

You collected 705 gold pieces.
You spent 199 gold pieces at shops.

Inventory:

Hand Weapons
 f - a +0 hand axe of electrocution (weapon)
   (You found it on level 2 of the Dungeon)
 L - a +5 short sword
   (You took it off a wight on level 8 of the Dungeon)
Missiles
 y - 2 throwing nets (quivered) {!f}
Armour
 u - a +2 robe of fire resistance
   (You took it off Sigmund on level 2 of the Dungeon)
 F - a scarf of spirit shield (worn)
   (You found it on level 9 of the Dungeon)
 J - a +0 scale mail (worn)
   (You took it off Harold on level 7 of the Dungeon)
 O - a +1 pair of gloves (worn)
   (You found it on level 8 of the Dungeon)
Jewellery
 i - an amulet of guardian spirit (around neck)
   (You found it on level 1 of the Dungeon)
 j - a +1 ring of protection (right hand)
   (You found it on level 1 of the Dungeon)
 l - a ring of protection from magic (left hand)
   (You took it off a kobold on level 3 of the Dungeon)
 n - an uncursed ring of resist corrosion
   (You found it on level 2 of the Dungeon)
Wands
 t - a wand of flame (22)
   (You found it on level 8 of the Dungeon)
 v - a wand of digging (4)
   (You took it off Ijyb on level 4 of the Dungeon)
 x - a wand of acid (11)
   (You took it off a gnoll sergeant on level 6 of the Dungeon)
Scrolls
 a - 2 scrolls of fog
 c - a scroll of enchant armour {unknown}
 g - a scroll of brand weapon {unknown}
 h - 2 scrolls of fear
 k - 3 scrolls of teleportation {@r4}
 m - 2 scrolls of blinking {unknown}
 p - a scroll of amnesia {unknown}
 s - 2 scrolls of enchant weapon {unknown}
 A - 2 scrolls of remove curse {@r2}
 B - 2 scrolls of magic mapping {unknown}
 C - a scroll of noise {unknown}
 M - a scroll of immolation {unknown}
 N - 4 scrolls of identify {@r1}
Potions
 d - a potion of agility {unknown}
 o - 2 potions of curing {@q1}
 q - 3 potions of mutation {!q}
 r - 2 potions of flight
 w - 4 potions of brilliance
 z - a potion of lignification {!q}
 D - a potion of might
 E - 3 potions of ambrosia
 G - 2 potions of magic
 H - a potion of haste {unknown}
Comestibles
 e - 4 rations {!d}


   Skills:
 - Level 12.0 Fighting
   Level 5.9 Long Blades
 * Level 11.9 Axes
 + Level 7.2 Armour
 + Level 6.7 Dodging


You had 9 spell levels left.
You didn't know any spells.
Your spell library was empty.

Dungeon Overview and Level Annotations

Branches:
Dungeon (10/15)            Temple (1/1) D:5             Orc (0/2) D:9
   Lair: D:8-11

Altars:
Ashenzari
Cheibriados
Dithmenos
Elyvilon
Fedhas
Gozag
Hepliaklqana
Kikubaaqudgha
Makhleb
Nemelex Xobeh
Okawaru
Qazlal
Ru
Sif Muna
Trog
Uskayaw
Vehumet
Wu Jian
Xom
Yredelemnul
Zin
The Shining One
Beogh

Shops:
D:6 :   D:9 *


Innate Abilities, Weirdness & Mutations

You reflexively headbutt those who attack you in melee.
You have a pair of horns on your head.


Message History

The crimson imp hits you.
* * * LOW HITPOINT WARNING * * *
Something hits you!
* * * LOW HITPOINT WARNING * * *
Something bites you!
* * * LOW HITPOINT WARNING * * *
Something draws strength from your injuries!
You barely miss the crimson imp. Your headbutt misses the crimson imp.
You hit something but do no damage. The crimson imp hits you.
* * * LOW HITPOINT WARNING * * *
You closely miss the crimson imp. You barely miss something.
Something hits you.
* * * LOW HITPOINT WARNING * * *
Something bites you!
* * * LOW HITPOINT WARNING * * *
Something draws strength from your injuries!
You are too berserk!
Unknown command.
You closely miss the crimson imp. You headbutt the crimson imp.
You kill the crimson imp!
Trog accepts your kill.
You hit something but do no damage. You slash something!
Your headbutt misses something.
Unholy energy fills the air.
* * * LOW HITPOINT WARNING * * *
Unknown command.
You are too berserk!
You completely miss something.
There is a stormy altar of Qazlal here.
You feel a strong urge to attack something.
You feel your anger nearly subside.
You are no longer berserk.
You are exhausted.
You feel yourself slow down.
You can't see that place. [a rock wall.]
Okay, then.
You feel much better.
You barely miss something. Something hits you!
* * * LOW HITPOINT WARNING * * *
Something bites you!
* * * LOW HITPOINT WARNING * * *
Something draws strength from your injuries!
Something hits you!
* * * LOW HITPOINT WARNING * * *
Something bites you.
* * * LOW HITPOINT WARNING * * *
Something draws strength from your injuries!
Something hits you.
You die...

#....#.#.# #.#.# #....#.#.#
#.#.# #....#.#.# #.#.#
#....#.#.# #.#.#
######....##### #.#.#
.........##...##########.#.#
#####...##.....##........#.#
#...#.....{.##########.#
#.#....(_.@.#.......(..#
#'#.#.......###############
...###.....## #....... ....
##...## #.####.# ......
##### #.# #.# ...... #.# #.#
####'# #.####.# #.#....#
#.#.####


There were no monsters in sight!

Vanquished Creatures
  Harold (D:7)
  2 two-headed ogres (D:8)
  An ugly thing (D:9)
  A manticore (D:8)
  A hippogriff (D:4)
  Sigmund (D:2)
  A water moccasin (D:9)
  4 orc warriors
  A phantom (D:9)
  4 sky beasts
  A black bear (D:5)
  6 ogres
  3 centaurs
  4 bullfrogs
  A gnoll sergeant (D:6)
  4 scorpions
  6 killer bees
  8 wights (D:8)
  3 crimson imps
  2 centaur zombies
  6 hounds
  3 orc wizards (D:5)
  3 orc priests
  5 iguanas
  A centaur skeleton (D:9)
  Ijyb (D:4)
  2 worker ants
  Natasha (thrice) (D:2)
  A hound zombie (D:9)
  2 hound skeletons
  Robin (D:4)
  7 gnolls
  14 adders
  3 shadow imps
  An ooze (D:7)
  2 adder zombies
  5 worms
  3 dart slugs
  3 leopard geckos
  19 orcs
  2 ball pythons
  7 giant cockroaches
  13 goblins
  13 hobgoblins
  11 jackals
  3 kobolds
  4 quokkas
  4 bats
  7 frilled lizards
  A jackal zombie (D:5)
  A rat (D:2)
  A bush (Temple)
  A plant (Temple)
208 creatures vanquished.

Vanquished Creatures (others)
  A centaur (D:5)
  A hound (D:5)
2 creatures vanquished.

Grand Total: 210 creatures vanquished

Notes
Turn   | Place    | Note
-------+----------+-------------------------------------------
     0 | D:1      | techii the Minotaur Berserker began the quest for the Orb.
     0 | D:1      | Reached XP level 1. HP: 19/19 MP: 0/0
     0 | D:1      | Upgraded the game from 0.25-a0-504-g768f60da87 to
                  | 0.25-a0-510-ge065f6de7d
   430 | D:1      | Reached XP level 2. HP: 25/27 MP: 1/1
   486 | D:1      | You fall into a shaft and drop 1 floor!
  1274 | D:2      | Reached skill level 4 in Fighting
  1277 | D:2      | Reached XP level 3. HP: 25/33 MP: 2/2
  1713 | D:2      | Found an iron altar of Okawaru.
  1758 | D:2      | Reached ** piety under Trog
  1940 | D:2      | Noticed Natasha
  1952 | D:2      | Killed Natasha
  1952 | D:2      | Reached XP level 4. HP: 10/41 MP: 3/3
  2419 | D:2      | Noticed Sigmund
  2429 | D:2      | Noticed Natasha
  2449 | D:2      | Killed Natasha
  2453 | D:2      | Killed Sigmund
  2453 | D:2      | Reached skill level 5 in Fighting
  2453 | D:2      | Reached skill level 5 in Long Blades
  2453 | D:2      | Reached XP level 5. HP: 43/48 MP: 4/4
  2453 | D:2      | Reached XP level 6. HP: 50/56 MP: 5/5
  2517 | D:2      | Noticed Natasha
  2542 | D:2      | Killed Natasha
  2678 | D:2      | Found a glowing golden altar of the Shining One.
  3939 | D:4      | Reached XP level 7. HP: 62/62 MP: 6/6
  3970 | D:4      | Reached skill level 5 in Armour
  4295 | D:5      | Entered Level 5 of the Dungeon
  4326 | D:5      | Reached skill level 6 in Fighting
  4359 | D:5      | Found a shadowy altar of Dithmenos.
  4399 | D:4      | Reached *** piety under Trog
  4399 | D:4      | Reached skill level 1 in Axes
  4962 | D:4      | Found a white marble altar of Elyvilon.
  5012 | D:4      | Noticed Ijyb
  5034 | D:4      | Killed Ijyb
  5127 | D:4      | Found an opulent altar of Gozag.
  5140 | D:4      | Found a sacrificial altar of Ru.
  5196 | D:4      | Noticed a hippogriff
  5209 | D:4      | Killed a hippogriff
  5209 | D:4      | Reached skill level 7 in Fighting
  5209 | D:4      | Reached XP level 8. HP: 49/73 MP: 3/7
  5337 | D:4      | Noticed Robin
  5346 | D:4      | Killed Robin
  5637 | D:5      | Found a staircase to the Ecumenical Temple.
  5643 | D:5      | Reached skill level 5 in Axes
  5666 | D:5      | Reached skill level 8 in Fighting
  6133 | D:5      | Reached **** piety under Trog
  6462 | D:5      | Reached skill level 9 in Fighting
  6487 | D:5      | Found a blossoming altar of Fedhas.
  6705 | D:5      | Found a burning altar of Makhleb.
  6872 | Temple   | Entered the Ecumenical Temple
  7500 | D:6      | Reached XP level 9. HP: 80/84 MP: 8/8
  7683 | D:6      | Found a shattered altar of Ashenzari.
  7947 | D:6      | Got a scorched quarterstaff
  7955 | D:6      | Found Muul Kisu's Book Emporium.
  8224 | D:7      | Noticed Harold
  8459 | D:7      | Found a basalt altar of Yredelemnul.
  8466 | D:7      | Killed Harold
  8466 | D:7      | Reached skill level 10 in Fighting
  8600 | D:7      | Got a warped quarterstaff
  8829 | D:7      | Found a snail-covered altar of Cheibriados.
  8847 | D:7      | Reached skill level 11 in Fighting
  9273 | D:8      | Reached skill level 10 in Axes
  9494 | D:8      | Reached XP level 10. HP: 62/96 MP: 7/9
  9770 | D:8      | Noticed a manticore
  9779 | D:8      | Killed a manticore
  9779 | D:8      | Reached skill level 5 in Dodging
  9977 | D:8      | Noticed a two-headed ogre
 10034 | D:8      | Killed a two-headed ogre
 10034 | D:8      | Reached skill level 12 in Fighting
 10397 | D:8      | Noticed a two-headed ogre
 10408 | D:8      | Killed a two-headed ogre
 10645 | D:8      | You fall into a shaft and drop 1 floor!
 10762 | D:10     | Entered Level 10 of the Dungeon
 11327 | D:9      | Found a staircase to the Orcish Mines.
 11332 | D:9      | Found a roughly hewn altar of Beogh.
 11397 | D:9      | Noticed a purple ugly thing
 11406 | D:9      | Killed a purple ugly thing
 11419 | D:9      | Found a sparkling altar of Nemelex Xobeh.
 11570 | D:9      | Found Cemp's Assorted Antiques.
 11592 | D:9      | Bought a scroll of identify for 38 gold pieces
 11592 | D:9      | Bought a scroll of identify for 38 gold pieces
 11592 | D:9      | Bought a scroll of fear for 66 gold pieces
 11592 | D:9      | Bought a scroll of remove curse for 57 gold pieces
 11822 | D:9      | Found a stormy altar of Qazlal.
 11853 | D:9      | HP: 3/97 [something (10)]
 11853 | D:9      | Slain by a vampire

Levels and vault maps discovered:
D:1:      scummos_arrival_simple_crosswalls, layout_basic
D:2:      layout_loops_ring, okawaru_gym_becter, lemuel_round_altar,
          first_ration, st_stairs_6, uniq_natasha, uniq_sigmund
D:3:      layout_rooms
D:4:      layout_basic, nicolae_ru_awakened_eye, overflow_temple_1_default,
          kennysheep_mini_moat, minmay_diced_spiral, uniq_ijyb, uniq_robin
D:5:      layout_gridville, bloody_makhleb, kennysheep_little_box,
          lemuel_doored_altar, minmay_temple_entry_stoned_glass,
          chequers_hall_statues_wall_a, lemuel_flamethrower_2
D:6:      layout_loops_ring, evilmike_ruin_ashenzari, serial_shops,
          nicolae_shop_behind_doors
D:7:      layout_basic, yredelemnul_altar_generic, cheibrodos_worm_habitat,
          uniq_harold
D:8:      layout_rooms
D:9:      layout_basic, nemelex_xobeh_ov_fountains_minmay, lemuel_round_altar,
          minmay_orc_entry_temple_small, serial_shops, shop_coins
D:10:     layout_rooms, dpeg_lair_monsters, uniq_psyche
Temple:   jpeg_temple_island

Skill      XL: |  1  2  3  4  5  6  7  8  9 10 |
---------------+-------------------------------+-----
Fighting       | 4 5 7 9 11 12 | 12.0
Long Blades    | 4 5 |  5.9
Armour         | 3 4 5 7 |  7.2
Dodging        | 3 4 6 |  6.7
Axes           | 4 7 10 11 | 11.9

Action                   |  1- 3 |  4- 6 |  7- 9 | 10-12 || total
-------------------------+-------+-------+-------+-------++-------
Melee: Falchion          |    59 |    70 |    13 |       ||   142
       Headbutt          |     8 |    15 |    56 |    30 ||   109
       Hand axe          |       |       |   239 |   134 ||   373
Invok: Berserk           |       |     4 |     6 |     6 ||    16
       Trog's Hand       |       |       |     1 |     1 ||     2
  Use: Scroll            |       |     3 |     6 |     9 ||    18
       Potion            |       |     1 |     1 |     1 ||     3
  Eat: Ration            |     1 |     1 |     3 |     2 ||     7
       Chunk             |       |     6 |    14 |     4 ||    24
Armor: Animal skin       |     3 |       |       |       ||     3
       Ring mail         |    19 |    18 |    87 |     6 ||   130
       Scale mail        |       |       |       |    52 ||    52
Dodge: Dodged            |    38 |    52 |   183 |    63 ||   336
       Rpst.: Falchion   |    10 |    17 |     1 |       ||    28

Table legend:
 A = Non-vault XP
 B = Vault XP
 C = Vault XP percentage of total XP
 D = Non-vault monster count
 E = Vault monster count
 F = Vault count percentage of total count
                 A         B        C        D         E       F
            +---------+---------+-------+---------+---------+-------
      Total |    8185 |    2076 |  20.2 |     177 |      29 |  14.1
            +---------+---------+-------+---------+---------+-------
        D:1 |      26 |       0 |   0.0 |      15 |       0 |   0.0
        D:2 |     152 |     271 |  64.1 |      20 |       3 |  13.0
        D:3 |     135 |       0 |   0.0 |      28 |       0 |   0.0
        D:4 |     569 |     448 |  44.1 |      20 |      17 |  45.9
        D:5 |     880 |       0 |   0.0 |      20 |       0 |   0.0
        D:6 |     598 |       0 |   0.0 |      15 |       0 |   0.0
        D:7 |     727 |     997 |  57.8 |      16 |       2 |  11.1
        D:8 |    3581 |       0 |   0.0 |      23 |       0 |   0.0
        D:9 |    1517 |     360 |  19.2 |      20 |       7 |  25.9
            +---------+---------+-------+---------+---------+-------
